 Dungeon Crawl Stone Soup version 0.31.0-32-g396128a36d (webtiles) character file.

Game seed: 7491960724767505990

101308 concernfroge the Severer (level 15, -4/207 HPs)
             Began as a Minotaur Berserker on Apr 16, 2024.
             Was a High Priest of Trog.
             Splashed by a goliath frog's acid (6 damage)
             ... on level 1 of the Swamp.
             The game lasted 01:27:36 (19334 turns).

concernfroge the Severer (Minotaur Berserker)      Turns: 19334, Time: 01:27:38

Health: -4/207     AC: 11    Str: 30    XL:     15   Next: 83%
Magic:  14/14      EV: 13    Int:  4    God:    Trog [*****.]
Gold:   216        SH:  9    Dex:  9    Spells: 14/14 levels left

rFire   + + .        b - +9 broad axe
rCold   + . .        q - +2 buckler
rNeg    . . .        C - +3 chain mail {Will+}
rPois   +            S - -1 hat of Complete Protection {rElec rF+}
rElec   +            K - scarf {rC+ rF+}
rCorr   .            x - +3 pair of gauntlets of War {Slay+5}
SInv    .            k - +2 pair of boots
Will    ++...        A - amulet of regeneration Stlth
                     I - +4 ring of protection
HPRegen 1.34/turn    T - ring of poison resistance
MPRegen 0.14/turn

%: no passive effects
@: berserking (expiring), corroded, very quick
A: horns 2, retaliatory headbutt
a: Renounce Religion, Berserk, Trog's Hand, Brothers in Arms


You were on level 1 of the Swamp.
You worshipped Trog.
Trog was extremely pleased with you.
You visited 5 branches of the dungeon, and saw 24 of its levels.
You also visited: Ossuary.

You collected 3051 gold pieces.
You spent 2835 gold pieces at shops.

Inventory:

Hand Weapons
 a - a +3 executioner's axe of flaming
 b - a +9 broad axe (weapon)
Missiles
 J - 4 curare-tipped darts
 O - 11 javelins (quivered)
Armour
 k - a +2 pair of boots (worn)
 q - a +2 buckler (worn)
 x - the +3 pair of gauntlets of War (worn) {Slay+5}
   (You bought it in a shop on level 2 of the Orcish Mines)

   Slay+5:    It affects your accuracy & damage with ranged weapons and melee
   (+5).
 C - a +3 chain mail of willpower (worn)
 K - a scarf of resistance (worn)
 S - the -1 hat of Complete Protection (worn) {rElec rF+}
   (You acquired it on level 15 of the Dungeon)

   rF+:       It protects you from fire.
   rElec:     It insulates you from electricity.
Jewellery
 c - a ring of flight
 A - an amulet of regeneration (around neck)
 I - a +4 ring of protection (left hand)
 M - a ring of protection from fire
 T - a ring of poison resistance (right hand)
Wands
 f - a wand of paralysis (3)
 o - a wand of acid (10)
 w - a wand of flame (28)
 E - a wand of iceblast (8)
 H - a wand of polymorph (6)
 Q - a wand of digging (11)
Scrolls
 i - 3 scrolls of revelation
 j - 2 scrolls of immolation
 m - 2 scrolls of blinking
 p - a scroll of torment
 v - 4 scrolls of fog
 y - 4 scrolls of poison
 D - 2 scrolls of vulnerability
 F - 9 scrolls of teleportation
 L - 3 scrolls of fear
 N - a scroll of noise
Potions
 d - 3 potions of lignification
 e - 2 potions of resistance
 g - 10 potions of curing
 h - 5 potions of might
 l - 2 potions of mutation
 n - 3 potions of ambrosia
 r - a potion of berserk rage
 s - 2 potions of attraction
 t - 2 potions of haste
 z - 3 potions of heal wounds
 B - 2 potions of cancellation
 R - 2 potions of enlightenment
 V - a potion of invisibility {unknown}
Miscellaneous
 G - a lightning rod (4/4)


   Skills:
 - Level 14.0 Fighting
 - Level 19.8(20.0) Axes
 - Level 3.6(13.5) Polearms
 - Level 14.0 Armour
 + Level 13.9 Dodging
 - Level 14.0 Shields


You had 14 spell levels left.
You didn't know any spells.
Your spell library was empty.

Dungeon Overview and Level Annotations

Branches:
Dungeon (15/15)            Temple (1/1) D:6            Lair (5/5) D:11
  Swamp (1/4) Lair:2       Spider (0/4) Lair:3        Slime (0/5) Lair:4
    Orc (2/2) D:9             Elf (0/3) Orc:2        Vaults (0/5) D:13
 Depths (0/4) D:15        Ossuary (visited)

Altars:
Ashenzari
Cheibriados
Dithmenos
Elyvilon
Fedhas
Gozag
Hepliaklqana
Kikubaaqudgha
Makhleb
Nemelex Xobeh
Okawaru
Qazlal
Ru
Sif Muna
Trog
Uskayaw
Vehumet
Wu Jian
Xom
Yredelemnul
Zin
The Shining One

Shops:
D:8 *   D:10 ?[(((   D:15 =   Orc:1 (?=[(   Orc:2 [[:!!

Portals:
Abyss: D:8

Annotations:
D:8 2 transporters, jimmypageman's ghost, novice MiFi


Innate Abilities, Weirdness & Mutations

You have a pair of horns on your head.
You reflexively headbutt those who attack you in melee.


Message History

The spriggan hits you with a +0 short sword of holy wrath!
The goliath frog hits you but does no damage.
You completely miss the goliath frog. Your headbutt misses the goliath frog.
You miss the spriggan. You slash the goliath frog!
You barely miss the spriggan. You slice the goliath frog!!
The goliath frog hits you!
* * * LOW HITPOINT WARNING * * *
You are splashed with acid.
* * * LOW HITPOINT WARNING * * *
The spriggan closely misses you. You furiously retaliate!
You headbutt the spriggan!
You kill the spriggan!
Trog accepts your kill. The goliath frog hits you!
* * * LOW HITPOINT WARNING * * *
The acid corrodes you!
You are splashed with acid!
* * * LOW HITPOINT WARNING * * *
You slash the goliath frog!
The goliath frog is heavily wounded.
You slash the spriggan! You closely miss the goliath frog.
You hit the goliath frog. The goliath frog hits you.
* * * LOW HITPOINT WARNING * * *
The acid corrodes you!
You are splashed with acid.
* * * LOW HITPOINT WARNING * * *
The spriggan barely misses you. You furiously retaliate!
You headbutt the spriggan!
You kill the spriggan!
Trog accepts your kill.
You slice the goliath frog!!
You kill the goliath frog!
Trog accepts your kill.
You barely miss the goliath frog. x2
The goliath frog hits you but does no damage.
You slice the goliath frog!!
You kill the goliath frog!
Trog accepts your kill.
You slash the goliath frog! The goliath frog hits you!!
* * * LOW HITPOINT WARNING * * *
The acid corrodes you!
You are splashed with acid.
You die...

~~.§.i♣♣♣♣....~~§...~~
....[..§~~....~~~..~~~
~§..~~[†.~.~...♣♣..~~~
~~..~~F.?...§~..♣~~~~~
...~~~~..~..~~..~.~~§~
...~~~~.♣♣♣.~~.§~§....
~>.~~~~~♣♣~...†~♣♣~
♣♣~.§~~~~♣~♣†§♣♣♣
♣♣♣>.~.♣♣♣.)@).♣
♣♣♣~~~...F††.♣
♣♣.§~~.....♣♣
♣~.~~§..)...♣
♣♣.~§~..<~~.♣
♣.......~~.♣
.......~~.~.♣
.....♣♣♣♣♣§..♣ ....~
♣♣♣♣♣


You could see a goliath frog (strong).

Vanquished Creatures
  Rupert (D:13)
  Gastronok (D:10)
  An eleionoma (Swamp:1)
  A dire elephant (D:15)
  Snorg (D:11)
  An ettin (Orc:2)
  3 hydras
  A rakshasa (D:14)
  An alligator (Lair:2)
  5 ogre magi
  An ice dragon (D:15)
  2 centaur warriors
  18 two-headed ogres
  A tengu warrior (D:15)
  2 boulder beetles
  Urug (Lair:1)
  A salamander mystic (D:15)
  2 goliath frogs (Swamp:1)
  3 spriggan druids
  2 arcanists
  2 bog bodies (Lair:2)
  3 orc knights
  Pikel (D:4)
  3 deep elf pyromancers
  A necromancer (D:13)
  A will-o-the-wisp (Swamp:1)
  8 manticores
  16 ugly things
  An orc sorcerer (Orc:2)
  2 wolf spiders
  6 cyclopes
  15 elephants
  3 kobold blastminers (Orc:1)
  3 meliai (D:15)
  11 black mambas
  A torpor snail (Lair:3)
  A gargoyle (D:13)
  4 rime drakes
  7 cane toads
  2 unseen horrors
  3 yaktaurs (D:15)
  A freezing wraith (D:15)
  3 kobold demonologists (D:14)
  12 komodo dragons
  2 efreet
  2 trolls
  8 hornets
  3 polar bears (Lair:5)
  19 blink frogs
  A raiju (shapeshifter) (D:15)
  Sigmund (D:5)
  18 spriggans
  A vampire (D:12)
  9 slime creatures
  4 shadows
  2 wraiths (D:12)
  36 yaks
  A warg (Orc:2)
  2 wyverns
  2 basilisks (Lair:5)
  3 steam dragons
  8 vampire mosquitoes
  4 swamp worms (Swamp:1)
  3 acid dragons
  18 water moccasins
  A swamp drake (Swamp:1)
  8 orc warriors
  9 ice beasts (D:11)
  2 sky beasts (D:6)
  A laughing skull (D:15)
  6 black bears
  31 ogres
  4 boggarts (Lair:5)
  5 centaurs
  24 wolves
  A kobold brigand (D:14)
  9 bullfrogs
  4 scorpions
  2 water moccasin zombies (Ossuary)
  14 wights
  13 killer bees
  5 electric eels
  5 howler monkeys
  2 bombardier beetles
  2 centaur zombies (Ossuary)
  A bullfrog zombie (Ossuary)
  A hound (D:6)
  A jelly (D:8)
  6 orc priests
  4 iguanas
  23 orc wizards
  An ogre zombie (Ossuary)
  9 adders
  4 gnolls (D:3)
  A shadow imp (D:8)
  A white imp (D:8)
  2 adder zombies (Ossuary)
  4 ribbon worms
  4 dart slugs
  31 orcs
  8 ball pythons
  7 bats
  6 endoplasms
  2 giant cockroaches (Lair:3)
  A gnoll zombie (Ossuary)
  7 hobgoblins
  2 jackals (D:3)
  7 quokkas
  10 goblins
  7 goblin zombies
  3 hobgoblin zombies (Ossuary)
  4 kobolds
  3 orc zombies (Ossuary)
  4 rats
  A rat zombie (D:7)
619 creatures vanquished.

Vanquished Creatures (collateral kills)
  A cane toad (Lair:1)
  A komodo dragon (Lair:1)
  A bullfrog (Lair:1)
  3 butterflies (Lair:1)
6 creatures vanquished.

Vanquished Creatures (others)
  2 foxfires (Swamp:1)
2 creatures vanquished.

Grand Total: 627 creatures vanquished

Notes
Turn   | Place    | Note
-------+----------+-------------------------------------------
     0 | D:1      | concernfroge the Minotaur Berserker began the quest for the
                  | Orb.
     0 | D:1      | Reached XP level 1. HP: 19/19 MP: 0/0
   225 | D:1      | Reached XP level 2. HP: 26/28 MP: 1/1
   654 | D:2      | Reached skill level 5 in Fighting
   654 | D:2      | Reached XP level 3. HP: 33/36 MP: 2/2
   704 | D:2      | Reached ** piety under Trog
   897 | D:2      | Reached XP level 4. HP: 43/44 MP: 3/3
  1559 | D:3      | Found a hide-covered altar of Uskayaw.
  1562 | D:3      | Noticed a +0 dagger
  1562 | D:3      | Noticed a +0 hand axe
  1691 | D:3      | Found a faded altar of an unknown god.
  2322 | D:3      | Reached *** piety under Trog
  2323 | D:3      | Reached XP level 5. HP: 52/52 MP: 4/4
  2755 | D:4      | Noticed a lemure
  2756 | D:4      | Noticed a lemure
  2758 | D:4      | Noticed Pikel
  2759 | D:4      | Noticed a lemure
  2759 | D:4      | Noticed a lemure
  2769 | D:4      | Killed Pikel
  2770 | D:4      | Reached skill level 10 in Fighting
  2770 | D:4      | Reached XP level 6. HP: 57/66 MP: 5/5
  2770 | D:4      | Reached XP level 7. HP: 62/72 MP: 6/6
  3133 | D:5      | Entered Level 5 of the Dungeon
  3224 | D:5      | Found a sparkling altar of Nemelex Xobeh.
  3322 | D:5      | Noticed Sigmund
  3328 | D:5      | Killed Sigmund
  3582 | D:5      | Reached XP level 8. HP: 79/79 MP: 7/7
  3673 | D:5      | Identified the +2 short sword of Loogra {elec, Will+ Dex+3}
  3890 | D:5      | Reached skill level 2 in Axes
  4036 | D:6      | Reached skill level 3 in Axes
  4046 | D:6      | Reached skill level 4 in Axes
  4079 | D:5      | Reached skill level 5 in Axes
  4121 | D:6      | Reached skill level 6 in Axes
  4159 | D:6      | Reached skill level 7 in Axes
  4232 | D:6      | Reached skill level 8 in Axes
  4657 | D:6      | Reached XP level 9. HP: 85/85 MP: 8/8
  4659 | D:6      | Found a staircase to the Ecumenical Temple.
  4667 | Temple   | Entered the Ecumenical Temple
  4813 | D:7      | Found a sand-covered staircase.
  4821 | Ossuary  | Entered an ossuary
  4860 | Ossuary  | Reached **** piety under Trog
  4869 | Ossuary  | Reached skill level 9 in Axes
  4931 | Ossuary  | Noticed a silent spectre
  5029 | D:7      | Reached skill level 10 in Axes
  5217 | D:7      | You are sucked into a shaft and drop 1 floor!
  5240 | D:8      | Found a transporter.
  5254 | D:8      | Reached skill level 11 in Axes
  5274 | D:8      | Noticed jimmypageman's ghost (novice MiFi)
  5381 | D:8      | Found Jearues's Serpentskin Sales.
  5447 | D:8      | Found a one-way gate to the infinite horrors of the Abyss.
  5536 | D:8      | Noticed a deep elf pyromancer
  5554 | D:8      | Killed a deep elf pyromancer
  5555 | D:8      | Reached skill level 12 in Axes
  5730 | D:8      | Found a transporter.
  5733 | D:8      | Noticed an ice devil
  5948 | D:7      | Reached XP level 10. HP: 89/93 MP: 9/9
  6033 | D:7      | Reached skill level 13 in Axes
  6595 | D:9      | Paralysed by a hornet for 3 turns
  6666 | D:9      | Noticed a cyclops
  6675 | D:9      | Killed a cyclops
  6791 | D:9      | Reached skill level 14 in Axes
  6802 | D:9      | Found a staircase to the Orcish Mines.
  6833 | D:9      | Reached ***** piety under Trog
  7348 | D:10     | Entered Level 10 of the Dungeon
  7361 | D:10     | Reached skill level 15 in Axes
  7477 | D:10     | Found Feduzic's Antique Armour Boutique.
  7518 | D:10     | Bought a slimy chain mail for 275 gold pieces
  7518 | D:10     | Identified the +3 chain mail "Ludoagoo" {-Tele rElec Dex+2}
                  | (You bought it in a shop on level 10 of the Dungeon)
  7645 | D:10     | Found Hisu's Antique Weapon Emporium.
  7677 | D:10     | Identified the +0 hand axe of Egoni {pain, Will+}
  7741 | D:10     | Found Poufiaho's Antique Weapon Shoppe.
  7876 | D:10     | Found Tij Bora's Weapon Emporium.
  7989 | D:10     | Noticed Gastronok
  8004 | D:10     | Killed Gastronok
  8005 | D:10     | Reached skill level 16 in Axes
  8005 | D:10     | Reached XP level 11. HP: 99/99 MP: 10/10
  8097 | D:10     | Found Zyonatu's Magic Scroll Shop.
  8100 | D:10     | Bought a scroll of identify for 26 gold pieces
  8100 | D:10     | Bought a scroll of identify for 26 gold pieces
  8100 | D:10     | Bought a scroll of identify for 26 gold pieces
  8100 | D:10     | Bought a scroll of fear for 52 gold pieces
  8100 | D:10     | Bought a scroll of fog for 52 gold pieces
  8198 | D:11     | Reached skill level 17 in Axes
  8364 | D:11     | Noticed a boulder beetle
  8413 | D:11     | Reached skill level 18 in Axes
  8457 | D:11     | Killed a boulder beetle
  8532 | D:11     | Found a staircase to the Lair.
  8589 | D:11     | Noticed Snorg
  8595 | D:11     | Killed Snorg
  8718 | D:11     | Found a blossoming altar of Fedhas.
  8876 | Lair:1   | Entered Level 1 of the Lair of Beasts
  8934 | Lair:1   | Reached skill level 19 in Axes
  8985 | Lair:1   | Noticed Urug
  8997 | Lair:1   | Killed Urug
  9023 | Lair:1   | Reached XP level 12. HP: 96/106 MP: 11/11
  9945 | Lair:2   | Reached skill level 10 in Armour
 10007 | Lair:2   | Found a staircase to the Swamp.
 10116 | Lair:2   | Found a blossoming altar of Fedhas.
 10379 | Lair:2   | You fall into a shaft and drop 2 floors!
 10418 | Lair:4   | Received a gift from Trog
 10532 | Lair:3   | Identified the +8 chain mail of the Eight Boll Weevils
                  | {-Tele rF+ rN+}
 10731 | Lair:3   | Identified a scroll of acquirement
 10735 | Lair:3   | Acquired 707 gold pieces
 11060 | Lair:3   | Found a hole to the Spider Nest.
 11449 | Lair:2   | Reached XP level 13. HP: 113/124 MP: 12/12
 12184 | Lair:4   | Found a staircase to the Slime Pits.
 12304 | Lair:4   | Identified the scarf of Lilacs {+Inv, rF+ rN+ Int+4 Dex-4}
 12638 | Lair:5   | Entered Level 5 of the Lair of Beasts
 12954 | Lair:5   | Received a gift from Trog
 12984 | Lair:5   | Reached skill level 5 in Dodging
 13006 | Lair:5   | HP: 2/186 [spriggan rider/+0 spear (9)]
 13052 | Lair:5   | Reached XP level 14. HP: 51/132 MP: 13/13
 13137 | Lair:5   | Identified the +1 chain mail "Colicymo" {Int-3 Slay+5}
 13163 | Lair:5   | Identified the +9 triple sword "Muni" {pain, Dex+2 SInv}
 13575 | Lair:5   | Received a gift from Trog
 13741 | D:10     | Bought a shiny plate armour for 754 gold pieces
 13834 | D:12     | Found a broken altar of Ashenzari.
 13845 | D:12     | Reached ****** piety under Trog
 13887 | D:12     | Identified the +8 rapier of Destiny {flame, rN+ Stlth+}
 14424 | D:13     | Reached skill level 10 in Dodging
 14447 | D:13     | Noticed Rupert
 14451 | D:13     | Reached skill level 1 in Shields
 14460 | D:13     | Killed Rupert
 14720 | D:13     | Reached skill level 5 in Shields
 14760 | D:13     | Found a gate to the Vaults.
 15227 | Orc:1    | Entered Level 1 of the Orcish Mines
 15227 | Orc:1    | Found Fufisk's Jewellery Shoppe.
 15227 | Orc:1    | Found Matwut's Antique Armour Emporium.
 15227 | Orc:1    | Found Siakliam's Magic Scroll Shop.
 15508 | Orc:1    | Found Vissoeff's Antique Weapon Boutique.
 15771 | Orc:1    | Found Ehomoim's Antique Weapon Shop.
 15914 | Orc:1    | Bought a scroll of blinking for 97 gold pieces
 15914 | Orc:1    | Bought a scroll of enchant weapon for 97 gold pieces
 15921 | Orc:2    | Entered Level 2 of the Orcish Mines
 15921 | Orc:2    | Found a staircase to the Elven Halls.
 16072 | Orc:2    | Found Zenothecw's Armour Shoppe.
 16136 | Orc:2    | Bought the +3 pair of gauntlets of War {Slay+5} for 712
                  | gold pieces
 16136 | Orc:2    | Found the +3 pair of gauntlets of War {Slay+5}
 16360 | Orc:2    | Found Peh Fuv's Distillery.
 16360 | Orc:2    | Found Cauric's Book Shop.
 16361 | Orc:2    | Found Loimen's Distillery.
 16361 | Orc:2    | Found Guror's Antique Armour Emporium.
 16366 | Orc:2    | Reached skill level 10 in Shields
 16366 | Orc:2    | Received a gift from Trog
 16394 | Orc:2    | Reached XP level 15. HP: 138/138 MP: 14/14
 16563 | Orc:1    | Bought a shimmering chain mail for 266 gold pieces
 16563 | Orc:1    | Identified the +2 chain mail of the Volcano {Stlth+} (You
                  | bought it in a shop on level 1 of the Orcish Mines)
 16564 | Orc:1    | Bought a distressingly furry ring mail for 252 gold pieces
 16564 | Orc:1    | Identified the +4 ring mail of the Black Skies {rPois Will+
                  | Str-5} (You bought it in a shop on level 1 of the Orcish
                  | Mines)
 16611 | Orc:2    | Bought a potion of heal wounds for 60 gold pieces
 16612 | Orc:2    | Bought a potion of resistance for 140 gold pieces
 17557 | D:15     | Entered Level 15 of the Dungeon
 17770 | D:15     | Found Estramug's Jewellery Boutique.
 18066 | D:15     | Acquired the -1 hat of Complete Protection {rElec rF+}
 18183 | D:15     | Received a gift from Trog
 18239 | D:15     | Found a staircase to the Depths.
 19105 | Swamp:1  | Entered Level 1 of the Swamp
 19334 | Swamp:1  | HP: 2/207 [goliath frog (22)]
 19334 | Swamp:1  | Splashed by a goliath frog's acid

Illustrated notes

Levels and vault maps discovered:
D:1:      dpeg_arrival_snail, layout_basic, hangedman_decor_slide_cut
D:2:      layout_basic, serial_curves, eino_curves_01, eino_curves_01,
          eino_curves_04, eino_curves_02
D:3:      layout_loops_corners, dancing_weapons_uskayaw,
          hellmonk_ecumenical_altar_arch_garden, minmay_crystal_water,
          minmay_liquid_box
D:4:      layout_cave_pools, uniq_pikel
D:5:      layout_basic, nemelex_xobeh_ov_fountains_minmay, uniq_sigmund
D:6:      layout_cave_pools, temple_green, nicolae_elevator_lobby_plus
D:7:      layout_gridville, enter_ossuary_4, enter_bailey_5,
          minmay_stone_trees_small
D:8:      layout_rooms, gammafunk_ghost_abyssal_escape, grunt_ministairs_7,
          chequers_decorated_corner, chequers_mini_garden, guppyfry_shop_venom
D:9:      layout_basic, minmay_orc_entry_temple_small, minmay_three_doors
D:10:     layout_cave_pools, serial_shops, nicolae_shop_behind_doors, shop,
          shop, nicolae_shop_rolled_up, shop, serial_rivers,
          chequers_serial_rivers_micro_a, chequers_serial_rivers_large_b,
          chequers_serial_rivers_small_3, chequers_serial_rivers_room_b,
          chequers_serial_rivers_micro_c, chequers_serial_rivers_micro_c,
          uniq_gastronok
D:11:     layout_rooms, hellmonk_lair_entry_icy, fedhas_altar_4, uniq_snorg
D:12:     layout_roguey, nicolae_ashenzari_skybound
D:13:     layout_long_grid, david_vaults_1, uniq_rupert
D:14:     layout_gridville, small_statue_intersection
D:15:     hangedman_depths_entry_try_elsewhere_first, layout_stronghold,
          serial_shops, shop_fountains, minmay_misc_feat_x, minmay_fountain_box,
          dreamdust_mushroom_princess, roderic_lattice_a, minmay_joined_circles
Temple:   nicolae_temple_slightly_damp_pantheon
Lair:1:   layout_misc_corridors, cheibrodos_lair_reptile_den,
          infiniplex_staircase_pool, grunt_megastairs_3, lemuel_fruit_fields,
          uniq_urug
Lair:2:   layout_concentric_octagons, nicolae_swamp_entry_splash_gauntlet,
          basic_altar, grunt_megastairs_1
Lair:3:   layout_cave_pods, nicolae_spider_entry_non_spiders, patterned_corridor
Lair:4:   layout_gridlike, slime_entry_1
Lair:5:   minmay_lair_end_enchanted_forest, layout_loops_ring
Swamp:1:  layout_basic_swamp, evilmike_swamp_ruin_rubble_2, swamp_pool_3,
          nicolae_swamp_spriggan_camp
Orc:1:    lemuel_ogre_cave, layout_caves, serial_shops, shop,
          nicolae_shop_overgrown_old_shop, shop, shop, shop
Orc:2:    st_orc_ogre_mass, layout_diamond_mine, basic_altar, serial_shops,
          nicolae_shop_peninsula

Skill      XL: |  1  2  3  4  5  6  7  8  9 10 11 12 13 14 15 |
---------------+----------------------------------------------+-----
Fighting       | 4 5 7 10 14 | 14.0
Armour         | 3 6 10 14 | 14.0
Axes           | 8 12 16 19 | 19.8
Dodging        | 8 10 13 | 13.9
Shields        | 12 14 | 14.0
Polearms       | |  3.6

Action                     |  1- 3 |  4- 6 |  7- 9 | 10-12 | 13-15 || total
---------------------------+-------+-------+-------+-------+-------++-------
  Melee: Dagger            |    64 |       |       |       |       ||    64
         Headbutt          |    13 |     8 |    38 |    78 |   102 ||   239
         Quarterstaff      |    14 |     9 |       |       |       ||    23
         War axe           |       |    46 |       |       |       ||    46
         Punch             |       |     1 |     1 |       |       ||     2
         Flail             |       |    14 |   107 |       |       ||   121
         Battleaxe         |       |       |   119 |   350 |       ||   469
         Executioner's axe |       |       |       |    48 |   388 ||   436
         Broad axe         |       |       |       |       |   211 ||   211
 Invoke: Berserk           |       |     1 |     3 |     9 |    11 ||    24
         Trog's Hand       |       |       |     1 |     1 |     6 ||     8
         Brothers in Arms  |       |       |       |     1 |       ||     1
    Use: Scroll            |       |       |     1 |    28 |    12 ||    41
         Potion            |       |       |       |     3 |     4 ||     7
 Armour: Animal skin       |    46 |    22 |       |       |       ||    68
         Ring mail         |       |    51 |    25 |       |       ||    76
         Chain mail        |       |       |   214 |   130 |   535 ||   879
         Plate armour      |       |       |     5 |   206 |    50 ||   261
         Skin              |       |       |       |     8 |       ||     8
  Dodge: Dodged            |    64 |    46 |   127 |   142 |   323 ||   702
  Block: Buckler           |       |       |       |       |    83 ||    83
